MapleLeafs vs Hurricanes

Created - October 9 2011 at 12:33

Goals
1 2 3 T
MapleLeafs 2 3 2 7
Hurricanes 3 0 2 5
Shots
1 2 3 T
MapleLeafs 9 11 11 31
Hurricanes 13 6 13 32

Period #1

1. Hurricanes , Brad Boyes 1 (Johnny Oduya, Martin Hanzal) at 2:25
2. MapleLeafs , Evgeni Malkin 1 (Vincent Lecavalier) at 4:19
3. MapleLeafs , Vincent Lecavalier 1 (Evgeni Malkin, Drew Doughty) at 9:32 (PP)
4. Hurricanes , Jarome Iginla 1 (Eric Staal, Sergei Gonchar) at 14:53
5. Hurricanes , Ryan Wilson 1 (Martin Hanzal, Johnny Oduya) at 18:21 (PP)

Penalties :
Patrik Elias (TOR) for Slashing (Minor) at 4:48, Eric Staal (CAR) for Delaying the game (Minor) at 9:12, Matt Greene (TOR) for Holding Stick (Minor) at 11:51, Greg Zanon (TOR) for Cross-checking (Minor) at 16:42

Period #2

6. MapleLeafs , Evgeni Malkin 2 (Patrick Marleau, Drew Doughty) at 16:29
7. MapleLeafs , Vernon Fiddler 1 (Drew Doughty, Adam Hall) at 16:37
8. MapleLeafs , Jordin Tootoo 1 (Radek Martinek, Andreas Lilja) at 19:25

Penalties :
Martin Hanzal (CAR) for Interference (Minor) at 8:53, Mike Weber (CAR) for Slashing (Minor) at 16:56, Jaroslav Spacek (CAR) for Hooking (Minor) at 19:44

Period #3

9. MapleLeafs , Patrick Marleau 1 (Vincent Lecavalier, Patrik Elias) at 0:43 (PP)
10. MapleLeafs , Brian Gionta 4 (Patrik Elias, Jordin Tootoo) at 8:25 (PP)
11. Hurricanes , Eric Staal 1 (Jarome Iginla, Anton Stralman) at 10:06 (PP)
12. Hurricanes , Thomas Vanek 3 (Ryan Wilson, Brad Boyes) at 16:31

Penalties :
Evgeni Malkin (TOR) for Tripping (Minor) at 4:59, Martin Hanzal (CAR) for Holding (Minor) at 8:15, Adam Hall (TOR) for Hooking (Minor) at 9:42, Mike Weber (CAR) for Holding (Minor) at 11:19, Mike Grier (TOR) for Hooking (Minor) at 14:58, Jarome Iginla (CAR) for Hooking (Minor) at 15:27

Goalie Stats

Ryan Miller (TOR), 27 saves from 32 shots - (0.844), W, 2-0-0, 60:00 minutes
Brian Elliott (CAR), 24 saves from 31 shots - (0.774), L, 1-2-0, 60:00 minutes

Players Stats

MapleLeafs
Player Name              G  A  P  +/- PIM S  H  SB FO    MP 
------------------------------------------------------------
Adam Hall                0  1  1   1  2   0  1  1  4/5   10 
Andreas Lilja            0  1  1   1  0   0  1  0  0/0   16 
Brian Gionta             1  0  1  -2  0   4  2  0  1/3   17 
Drew Doughty             0  3  3   2  0   2  0  0  0/0   23 
Evgeni Malkin            2  1  3   2  2   3  0  0  1/2   13 
Greg Zanon               0  0  0   2  2   2  1  1  0/0   21 
Jordin Tootoo            1  1  2   0  0   2  2  0  2/7   18 
Kris Versteeg            0  0  0  -1  0   5  3  0  0/1   16 
Kyle Cumiskey            0  0  0  -2  0   2  0  1  0/0   18 
Matt Greene              0  0  0  -1  2   0  1  2  0/0   17 
Mike Grier               0  0  0   0  2   0  1  0  0/1   16 
Patrice Cormier          0  0  0   0  0   0  0  0  4/11  15 
Patrick Marleau          1  1  2   2  0   2  0  0  4/7   19 
Patrik Elias             0  2  2  -1  2   0  0  0  7/21  17 
Radek Martinek           0  1  1   0  0   2  1  1  0/0   19 
Travis Moen              0  0  0   1  0   1  0  0  0/0   7  
Vernon Fiddler           1  0  1   1  0   2  0  0  9/13  11 
Vincent Lecavalier       1  2  3   1  0   4  0  0  9/18  17 
Hurricanes
Player Name              G  A  P  +/- PIM S  H  SB FO    MP 
------------------------------------------------------------
Anton Stralman           0  1  1  -2  0   1  4  1  0/0   19 
Ben Holmstrom            0  0  0   0  0   0  0  0  0/0   3  
Brad Boyes               1  1  2   1  0   8  0  0  4/7   18 
Chris Thorburn           0  0  0  -1  0   1  2  0  0/1   20 
Eric Staal               1  1  2  -1  2   6  1  0  22/38 24 
Jarome Iginla            1  1  2  -1  2   4  1  0  1/3   22 
Jaroslav Spacek          0  0  0   1  2   0  2  1  0/0   19 
Jed Ortmeyer             0  0  0   0  0   0  0  0  1/2   9  
Johnny Oduya             0  2  2   0  0   1  1  2  0/0   21 
Martin Hanzal            0  2  2   0  4   2  1  1  12/23 18 
Matt Hunwick             0  0  0   0  0   0  0  0  0/0   0  
Mike Fisher              0  0  0  -1  0   1  1  0  7/13  14 
Mike Weber               0  0  0  -1  4   0  3  0  0/0   18 
Ryan Shannon             0  0  0   0  0   0  0  0  1/1   13 
Ryan Wilson              1  1  2   1  0   2  0  0  0/0   19 
Sergei Gonchar           0  1  1  -1  0   1  2  0  0/0   23 
Shawn Thornton           0  0  0  -1  0   1  2  0  0/1   14 
Thomas Vanek             1  0  1   0  0   4  0  0  0/0   17 

3 Stars

1 - Evgeni Malkin (TOR)
2 - Vincent Lecavalier (TOR)
3 - Drew Doughty (TOR)

Power Play

MapleLeafs - 3 on 7 Attempt(s) - 42.86%
Hurricanes - 2 on 6 Attempt(s) - 33.33%

Penalty Kill

MapleLeafs - 4 on 6 Attempt(s) - 66.67% - Score 0 goal in Penalty Kill
Hurricanes - 4 on 7 Attempt(s) - 57.14% - Score 0 goal in Penalty Kill

Game Notes

No Game Note

Finance

Level 1 -- Attendance: 6000 (100.00%) -- Ticket Income $540,000.00
Level 2 -- Attendance: 5000 (100.00%) -- Ticket Income $275,000.00
Level 3 -- Attendance: 3071 (87.74%) -- Ticket Income $107,485.00
Level 4 -- Attendance: 2404 (74.43%) -- Ticket Income $45,676.00
Luxury Box -- Attendance: 900 (90.00%) -- Ticket Income $166,500.00
Game was played at the RBC Center
Total Attendance: 17375 (92.77%)
Total Ticket Income: $1,136,192.00
Other Income: $212,926.80
Total Income: $1,349,119.00


Play by Play

Period #1

0:01 of 1st period - Eric Staal wins face-off versus Vincent Lecavalier in neutral zone.
0:14 of 1st period - Shot by Thomas Vanek.
0:14 of 1st period - Shot Misses the Net.
0:18 of 1st period - Shot by Jarome Iginla.
0:18 of 1st period - Shot Misses the Net.
0:20 of 1st period - Shot by Thomas Vanek.
0:20 of 1st period - Stopped by Ryan Miller without a rebound.
0:21 of 1st period - Martin Hanzal wins face-off versus Patrik Elias in MapleLeafs zone.
0:28 of 1st period - Shot by Martin Hanzal.
0:28 of 1st period - Stopped by Ryan Miller without a rebound.
0:29 of 1st period - Patrice Cormier wins face-off versus Mike Fisher in MapleLeafs zone.
1:20 of 1st period - Evgeni Malkin is hit by Mike Fisher and loses puck.
2:13 of 1st period - Shot by Kris Versteeg.
2:13 of 1st period - Stopped by Brian Elliott without a rebound.
2:14 of 1st period - Jarome Iginla wins face-off versus Patrik Elias in Hurricanes zone.
2:14 of 1st period - Jarome Iginla is hit by Kris Versteeg.
2:21 of 1st period - Icing by Kyle Cumiskey.
2:22 of 1st period - Martin Hanzal wins face-off versus Brian Gionta in MapleLeafs zone.
2:25 of 1st period - Shot by Brad Boyes.
2:25 of 1st period - Goal by Brad Boyes - MapleLeafs : 0 - Hurricanes : 1.
2:26 of 1st period - Eric Staal wins face-off versus Patrice Cormier in neutral zone.
2:45 of 1st period - Andreas Lilja is hit by Jarome Iginla and loses puck.
2:59 of 1st period - Shot by Eric Staal.
2:59 of 1st period - Shot Misses the Net.
3:18 of 1st period - Icing by Radek Martinek.
3:19 of 1st period - Patrice Cormier wins face-off versus Martin Hanzal in MapleLeafs zone.
3:24 of 1st period - Jaroslav Spacek is hit by Jordin Tootoo and loses puck.
4:19 of 1st period - Shot by Evgeni Malkin.
4:19 of 1st period - Goal by Evgeni Malkin - MapleLeafs : 1 - Hurricanes : 1.
4:20 of 1st period - Patrik Elias wins face-off versus Eric Staal in neutral zone.
4:26 of 1st period - Icing by Johnny Oduya.
4:27 of 1st period - Vincent Lecavalier wins face-off versus Jed Ortmeyer in Hurricanes zone.
4:46 of 1st period - Shot by Evgeni Malkin.
4:46 of 1st period - Stopped by Brian Elliott without a rebound.
4:47 of 1st period - Eric Staal wins face-off versus Patrik Elias in Hurricanes zone.
4:47 of 1st period - Thomas Vanek is hit by Brian Gionta and loses puck.
4:48 of 1st period - Minor Penalty to Patrik Elias for Slashing.
4:49 of 1st period - Vernon Fiddler wins face-off versus Brad Boyes in MapleLeafs zone.
4:49 of 1st period - Vernon Fiddler is hit by Chris Thorburn.
6:33 of 1st period - Drew Doughty is hit by Chris Thorburn and loses puck.
6:51 of 1st period - Icing by Martin Hanzal.
6:52 of 1st period - Martin Hanzal wins face-off versus Patrik Elias in Hurricanes zone.
6:52 of 1st period - Martin Hanzal is hit by Kris Versteeg.
7:35 of 1st period - Radek Martinek is hit by Mike Weber and loses puck.
7:53 of 1st period - Shot by Jordin Tootoo.
7:53 of 1st period - Stopped by Brian Elliott without a rebound.
7:54 of 1st period - Vernon Fiddler wins face-off versus Eric Staal in Hurricanes zone.
8:15 of 1st period - Shot by Jarome Iginla.
8:15 of 1st period - Stopped by Ryan Miller without a rebound.
8:16 of 1st period - Mike Fisher wins face-off versus Vincent Lecavalier in MapleLeafs zone.
8:21 of 1st period - Shot by Mike Fisher.
8:21 of 1st period - Shot Misses the Net.
8:23 of 1st period - Shot by Mike Fisher.
8:23 of 1st period - Stopped by Ryan Miller without a rebound.
8:24 of 1st period - Mike Fisher wins face-off versus Patrice Cormier in MapleLeafs zone.
9:02 of 1st period - Eric Staal is hit by Jordin Tootoo and loses puck.
9:12 of 1st period - Minor Penalty to Eric Staal for Delaying the game.
9:13 of 1st period - Vincent Lecavalier wins face-off versus Brad Boyes in Hurricanes zone.
9:24 of 1st period - Shot by Patrik Elias.
9:24 of 1st period - Deflect By Evgeni Malkin.
9:24 of 1st period - Shot Misses the Net.
9:26 of 1st period - Shot by Evgeni Malkin.
9:26 of 1st period - Shot Misses the Net.
9:28 of 1st period - Shot by Drew Doughty.
9:28 of 1st period - Shot Misses the Net.
9:30 of 1st period - Shot by Evgeni Malkin.
9:30 of 1st period - Shot Misses the Net.
9:32 of 1st period - Shot by Vincent Lecavalier.
9:32 of 1st period - Goal by Vincent Lecavalier - MapleLeafs : 2 - Hurricanes : 1.
9:33 of 1st period - Martin Hanzal wins face-off versus Patrik Elias in neutral zone.
9:58 of 1st period - Shot by Martin Hanzal.
9:58 of 1st period - Deflect By Brad Boyes.
9:58 of 1st period - Shot Blocked by Matt Greene.
10:04 of 1st period - Shot by Brian Gionta.
10:04 of 1st period - Stopped by Brian Elliott with a rebound.
10:06 of 1st period - Shot by Brian Gionta.
10:06 of 1st period - Stopped by Brian Elliott without a rebound.
10:07 of 1st period - Patrick Marleau wins face-off versus Eric Staal in Hurricanes zone.
10:12 of 1st period - Shot by Evgeni Malkin.
10:12 of 1st period - Deflect By Patrick Marleau.
10:12 of 1st period - Stopped by Brian Elliott with a rebound.
10:26 of 1st period - Shot by Jarome Iginla.
10:26 of 1st period - Stopped by Ryan Miller without a rebound.
10:27 of 1st period - Vernon Fiddler wins face-off versus Mike Fisher in MapleLeafs zone.
10:27 of 1st period - Vernon Fiddler is hit by Shawn Thornton.
11:48 of 1st period - Off-side.
11:49 of 1st period - Martin Hanzal wins face-off versus Patrik Elias in neutral zone.
11:51 of 1st period - Minor Penalty to Matt Greene for Holding Stick.
11:52 of 1st period - Adam Hall wins face-off versus Eric Staal in MapleLeafs zone.
11:58 of 1st period - Icing by Sergei Gonchar.
11:59 of 1st period - Eric Staal wins face-off versus Adam Hall in Hurricanes zone.
12:54 of 1st period - Shot by Ryan Wilson.
12:54 of 1st period - Deflect By Thomas Vanek.
12:54 of 1st period - Shot Blocked by Greg Zanon.
12:56 of 1st period - Shot by Jaroslav Spacek.
12:56 of 1st period - Shot Misses the Net.
13:01 of 1st period - Shot by Thomas Vanek.
13:01 of 1st period - Deflect By Brad Boyes.
13:01 of 1st period - Stopped by Ryan Miller without a rebound.
13:02 of 1st period - Brad Boyes wins face-off versus Patrick Marleau in MapleLeafs zone.
13:16 of 1st period - Brad Boyes is hit by Andreas Lilja and loses puck.
13:46 of 1st period - Icing by Eric Staal.
13:47 of 1st period - Eric Staal wins face-off versus Vernon Fiddler in Hurricanes zone.
14:27 of 1st period - Icing by Drew Doughty.
14:28 of 1st period - Brian Gionta wins face-off versus Eric Staal in MapleLeafs zone.
14:49 of 1st period - Shot by Eric Staal.
14:49 of 1st period - Shot Misses the Net.
14:53 of 1st period - Shot by Jarome Iginla.
14:53 of 1st period - Goal by Jarome Iginla - MapleLeafs : 2 - Hurricanes : 2.
14:54 of 1st period - Adam Hall wins face-off versus Martin Hanzal in neutral zone.
15:49 of 1st period - Shot by Radek Martinek.
15:49 of 1st period - Stopped by Brian Elliott without a rebound.
15:50 of 1st period - Eric Staal wins face-off versus Jordin Tootoo in Hurricanes zone.
16:42 of 1st period - Minor Penalty to Greg Zanon for Cross-checking.
16:43 of 1st period - Adam Hall wins face-off versus Chris Thorburn in MapleLeafs zone.
17:32 of 1st period - Shot by Sergei Gonchar.
17:32 of 1st period - Stopped by Ryan Miller with a rebound.
17:34 of 1st period - Shot by Eric Staal.
17:34 of 1st period - Shot Misses the Net.
17:36 of 1st period - Shot by Eric Staal.
17:36 of 1st period - Shot Misses the Net.
17:44 of 1st period - Shot by Jarome Iginla.
17:44 of 1st period - Shot Blocked by Adam Hall.
17:46 of 1st period - Shot by Eric Staal.
17:46 of 1st period - Stopped by Ryan Miller with a rebound.
18:19 of 1st period - Shot by Martin Hanzal.
18:19 of 1st period - Shot Misses the Net.
18:21 of 1st period - Shot by Ryan Wilson.
18:21 of 1st period - Goal by Ryan Wilson - MapleLeafs : 2 - Hurricanes : 3.
18:22 of 1st period - Brad Boyes wins face-off versus Evgeni Malkin in neutral zone.
18:25 of 1st period - Vincent Lecavalier is hit by Shawn Thornton and loses puck.
18:51 of 1st period - Shot by Shawn Thornton.
18:51 of 1st period - Shot Hit the Post.
18:53 of 1st period - Shot by Mike Fisher.
18:53 of 1st period - Shot Misses the Net.
19:23 of 1st period - Shot by Eric Staal.
19:23 of 1st period - Shot Misses the Net.
19:25 of 1st period - Shot by Anton Stralman.
19:25 of 1st period - Stopped by Ryan Miller without a rebound.
19:26 of 1st period - Patrik Elias wins face-off versus Mike Fisher in MapleLeafs zone.
19:37 of 1st period - Shot by Ryan Wilson.
19:37 of 1st period - Stopped by Ryan Miller without a rebound.
19:38 of 1st period - Vernon Fiddler wins face-off versus Martin Hanzal in MapleLeafs zone.

Period #2

0:01 of 2nd period - Eric Staal wins face-off versus Vincent Lecavalier in neutral zone.
0:12 of 2nd period - Shot by Thomas Vanek.
0:12 of 2nd period - Shot Misses the Net.
0:16 of 2nd period - Shot by Eric Staal.
0:16 of 2nd period - Stopped by Ryan Miller without a rebound.
0:17 of 2nd period - Martin Hanzal wins face-off versus Patrik Elias in MapleLeafs zone.
1:18 of 2nd period - Shot by Vincent Lecavalier.
1:18 of 2nd period - Shot Misses the Net.
1:20 of 2nd period - Shot by Drew Doughty.
1:20 of 2nd period - Stopped by Brian Elliott without a rebound.
1:21 of 2nd period - Eric Staal wins face-off versus Patrice Cormier in Hurricanes zone.
1:48 of 2nd period - Shot by Thomas Vanek.
1:48 of 2nd period - Stopped by Ryan Miller without a rebound.
1:49 of 2nd period - Mike Fisher wins face-off versus Vincent Lecavalier in MapleLeafs zone.
2:08 of 2nd period - Patrick Marleau is hit by Mike Weber and loses puck.
2:14 of 2nd period - Off-side.
2:15 of 2nd period - Patrik Elias wins face-off versus Eric Staal in neutral zone.
2:26 of 2nd period - Shot by Brian Gionta.
2:26 of 2nd period - Shot Misses the Net.
2:30 of 2nd period - Shot by Kris Versteeg.
2:30 of 2nd period - Stopped by Brian Elliott without a rebound.
2:31 of 2nd period - Eric Staal wins face-off versus Jordin Tootoo in Hurricanes zone.
3:11 of 2nd period - Icing by Jordin Tootoo.
3:12 of 2nd period - Patrice Cormier wins face-off versus Eric Staal in MapleLeafs zone.
3:37 of 2nd period - Shot by Vincent Lecavalier.
3:37 of 2nd period - Stopped by Brian Elliott with a rebound.
3:39 of 2nd period - Shot by Drew Doughty.
3:39 of 2nd period - Shot Blocked by Anton Stralman.
3:43 of 2nd period - Shot by Vincent Lecavalier.
3:43 of 2nd period - Shot Misses the Net.
3:45 of 2nd period - Shot by Drew Doughty.
3:45 of 2nd period - Shot Misses the Net.
3:49 of 2nd period - Shot by Vincent Lecavalier.
3:49 of 2nd period - Stopped by Brian Elliott with a rebound.
3:51 of 2nd period - Shot by Greg Zanon.
3:51 of 2nd period - Stopped by Brian Elliott without a rebound.
3:52 of 2nd period - Mike Fisher wins face-off versus Brian Gionta in Hurricanes zone.
4:01 of 2nd period - Shot by Chris Thorburn.
4:01 of 2nd period - Shot Misses the Net.
4:30 of 2nd period - Off-side.
4:31 of 2nd period - Ryan Shannon wins face-off versus Vernon Fiddler in neutral zone.
4:37 of 2nd period - Brad Boyes is hit by Greg Zanon.
4:47 of 2nd period - Off-side.
4:48 of 2nd period - Eric Staal wins face-off versus Patrice Cormier in neutral zone.
5:08 of 2nd period - Shot by Radek Martinek.
5:08 of 2nd period - Stopped by Brian Elliott with a rebound.
5:30 of 2nd period - Jarome Iginla is hit by Mike Grier.
6:10 of 2nd period - Shot by Brad Boyes.
6:10 of 2nd period - Stopped by Ryan Miller without a rebound.
6:11 of 2nd period - Mike Fisher wins face-off versus Patrik Elias in MapleLeafs zone.
6:12 of 2nd period - Shot by Shawn Thornton.
6:12 of 2nd period - Shot Hit the Post.
6:37 of 2nd period - Shot by Chris Thorburn.
6:37 of 2nd period - Stopped by Ryan Miller without a rebound.
6:38 of 2nd period - Vernon Fiddler wins face-off versus Martin Hanzal in MapleLeafs zone.
6:48 of 2nd period - Johnny Oduya is hit by Adam Hall and loses puck.
8:13 of 2nd period - Icing by Kyle Cumiskey.
8:14 of 2nd period - Patrik Elias wins face-off versus Shawn Thornton in MapleLeafs zone.
8:53 of 2nd period - Minor Penalty to Martin Hanzal for Interference.
8:54 of 2nd period - Vincent Lecavalier wins face-off versus Eric Staal in Hurricanes zone.
9:14 of 2nd period - Off-side.
9:15 of 2nd period - Jordin Tootoo wins face-off versus Jarome Iginla in neutral zone.
9:37 of 2nd period - Icing by Radek Martinek.
9:38 of 2nd period - Jed Ortmeyer wins face-off versus Jordin Tootoo in MapleLeafs zone.
9:50 of 2nd period - Icing by Jordin Tootoo.
9:51 of 2nd period - Eric Staal wins face-off versus Jordin Tootoo in MapleLeafs zone.
10:25 of 2nd period - Evgeni Malkin is hit by Johnny Oduya and loses puck.
10:43 of 2nd period - Shot by Patrick Marleau.
10:43 of 2nd period - Shot Misses the Net.
11:11 of 2nd period - Icing by Mike Weber.
11:12 of 2nd period - Mike Fisher wins face-off versus Mike Grier in Hurricanes zone.
11:23 of 2nd period - Shot by Chris Thorburn.
11:23 of 2nd period - Shot Misses the Net.
12:35 of 2nd period - Shot by Vincent Lecavalier.
12:35 of 2nd period - Shot Misses the Net.
13:16 of 2nd period - Shot by Shawn Thornton.
13:16 of 2nd period - Stopped by Ryan Miller without a rebound.
13:17 of 2nd period - Patrik Elias wins face-off versus Martin Hanzal in MapleLeafs zone.
13:29 of 2nd period - Shot by Brad Boyes.
13:29 of 2nd period - Stopped by Ryan Miller without a rebound.
13:30 of 2nd period - Martin Hanzal wins face-off versus Patrik Elias in MapleLeafs zone.
13:36 of 2nd period - Icing by Kyle Cumiskey.
13:37 of 2nd period - Eric Staal wins face-off versus Patrik Elias in MapleLeafs zone.
13:48 of 2nd period - Brian Gionta is hit by Anton Stralman and loses puck.
13:54 of 2nd period - Icing by Anton Stralman.
13:55 of 2nd period - Eric Staal wins face-off versus Patrice Cormier in Hurricanes zone.
14:48 of 2nd period - Shot by Ryan Shannon.
14:48 of 2nd period - Shot Misses the Net.
14:52 of 2nd period - Shot by Brad Boyes.
14:52 of 2nd period - Shot Misses the Net.
15:56 of 2nd period - Shot by Eric Staal.
15:56 of 2nd period - Shot Blocked by Matt Greene.
16:05 of 2nd period - Icing by Patrik Elias.
16:06 of 2nd period - Martin Hanzal wins face-off versus Kris Versteeg in MapleLeafs zone.
16:14 of 2nd period - Off-side.
16:15 of 2nd period - Patrick Marleau wins face-off versus Eric Staal in neutral zone.
16:25 of 2nd period - Evgeni Malkin is hit by Anton Stralman.
16:29 of 2nd period - Shot by Evgeni Malkin.
16:29 of 2nd period - Goal by Evgeni Malkin - MapleLeafs : 3 - Hurricanes : 3.
16:30 of 2nd period - Adam Hall wins face-off versus Martin Hanzal in neutral zone.
16:35 of 2nd period - Shot by Vernon Fiddler.
16:35 of 2nd period - Stopped by Brian Elliott with a rebound.
16:37 of 2nd period - Shot by Vernon Fiddler.
16:37 of 2nd period - Goal by Vernon Fiddler - MapleLeafs : 4 - Hurricanes : 3.
16:38 of 2nd period - Vincent Lecavalier wins face-off versus Martin Hanzal in neutral zone.
16:38 of 2nd period - Vincent Lecavalier is hit by Martin Hanzal.
16:46 of 2nd period - Icing by Johnny Oduya.
16:47 of 2nd period - Vernon Fiddler wins face-off versus Martin Hanzal in Hurricanes zone.
16:50 of 2nd period - Shot by Greg Zanon.
16:50 of 2nd period - Shot Misses the Net.
16:54 of 2nd period - Shot by Travis Moen.
16:54 of 2nd period - Stopped by Brian Elliott without a rebound.
16:55 of 2nd period - Vincent Lecavalier wins face-off versus Mike Fisher in Hurricanes zone.
16:55 of 2nd period - Vincent Lecavalier is hit by Mike Weber.
16:56 of 2nd period - Minor Penalty to Mike Weber for Slashing.
16:57 of 2nd period - Vincent Lecavalier wins face-off versus Martin Hanzal in Hurricanes zone.
16:58 of 2nd period - Shot by Evgeni Malkin.
16:58 of 2nd period - Shot Blocked by Martin Hanzal.
19:25 of 2nd period - Shot by Jordin Tootoo.
19:25 of 2nd period - Goal by Jordin Tootoo - MapleLeafs : 5 - Hurricanes : 3.
19:26 of 2nd period - Vernon Fiddler wins face-off versus Martin Hanzal in neutral zone.
19:30 of 2nd period - Travis Moen is hit by Jaroslav Spacek and loses puck.
19:37 of 2nd period - Shot by Adam Hall.
19:37 of 2nd period - Shot Blocked by Jaroslav Spacek.
19:44 of 2nd period - Minor Penalty to Jaroslav Spacek for Hooking.
19:45 of 2nd period - Eric Staal wins face-off versus Patrick Marleau in Hurricanes zone.

Period #3

0:01 of 3rd period - Eric Staal wins face-off versus Vincent Lecavalier in neutral zone.
0:35 of 3rd period - Shot by Vincent Lecavalier.
0:35 of 3rd period - Shot Misses the Net.
0:37 of 3rd period - Shot by Evgeni Malkin.
0:37 of 3rd period - Shot Misses the Net.
0:41 of 3rd period - Shot by Vincent Lecavalier.
0:41 of 3rd period - Stopped by Brian Elliott with a rebound.
0:43 of 3rd period - Shot by Patrick Marleau.
0:43 of 3rd period - Goal by Patrick Marleau - MapleLeafs : 6 - Hurricanes : 3.
0:44 of 3rd period - Patrice Cormier wins face-off versus Mike Fisher in neutral zone.
0:56 of 3rd period - Shot by Shawn Thornton.
0:56 of 3rd period - Shot Misses the Net.
1:51 of 3rd period - Drew Doughty is hit by Sergei Gonchar and loses puck.
1:59 of 3rd period - Drew Doughty is hit by Sergei Gonchar.
2:17 of 3rd period - Shot by Jarome Iginla.
2:17 of 3rd period - Stopped by Ryan Miller without a rebound.
2:18 of 3rd period - Martin Hanzal wins face-off versus Patrik Elias in MapleLeafs zone.
2:51 of 3rd period - Shot by Brad Boyes.
2:51 of 3rd period - Shot Misses the Net.
2:55 of 3rd period - Shot by Brad Boyes.
2:55 of 3rd period - Shot Blocked by Kyle Cumiskey.
2:57 of 3rd period - Shot by Jaroslav Spacek.
2:57 of 3rd period - Shot Misses the Net.
3:11 of 3rd period - Eric Staal is hit by Kris Versteeg and loses puck.
3:19 of 3rd period - Icing by Jarome Iginla.
3:20 of 3rd period - Eric Staal wins face-off versus Patrice Cormier in Hurricanes zone.
4:26 of 3rd period - Shot by Chris Thorburn.
4:26 of 3rd period - Shot Misses the Net.
4:28 of 3rd period - Shot by Mike Weber.
4:28 of 3rd period - Shot Blocked by Radek Martinek.
4:41 of 3rd period - Mike Weber is hit by Radek Martinek and loses puck.
4:59 of 3rd period - Minor Penalty to Evgeni Malkin for Tripping.
5:00 of 3rd period - Eric Staal wins face-off versus Vernon Fiddler in MapleLeafs zone.
5:09 of 3rd period - Shot by Jarome Iginla.
5:09 of 3rd period - Deflect By Eric Staal.
5:09 of 3rd period - Shot Misses the Net.
5:11 of 3rd period - Shot by Eric Staal.
5:11 of 3rd period - Stopped by Ryan Miller without a rebound.
5:12 of 3rd period - Brad Boyes wins face-off versus Vernon Fiddler in MapleLeafs zone.
5:50 of 3rd period - Shot by Jarome Iginla.
5:50 of 3rd period - Deflect By Eric Staal.
5:50 of 3rd period - Stopped by Ryan Miller without a rebound.
5:51 of 3rd period - Vernon Fiddler wins face-off versus Jarome Iginla in MapleLeafs zone.
7:11 of 3rd period - Shot by Brad Boyes.
7:11 of 3rd period - Stopped by Ryan Miller with a rebound.
7:25 of 3rd period - Shot by Brian Gionta.
7:25 of 3rd period - Shot Misses the Net.
7:43 of 3rd period - Shot by Evgeni Malkin.
7:43 of 3rd period - Shot Misses the Net.
7:45 of 3rd period - Shot by Vincent Lecavalier.
7:45 of 3rd period - Shot Misses the Net.
7:47 of 3rd period - Shot by Vincent Lecavalier.
7:47 of 3rd period - Shot Misses the Net.
7:49 of 3rd period - Shot by Drew Doughty.
7:49 of 3rd period - Stopped by Brian Elliott with a rebound.
7:51 of 3rd period - Shot by Greg Zanon.
7:51 of 3rd period - Stopped by Brian Elliott with a rebound.
8:02 of 3rd period - Vincent Lecavalier is hit by Jaroslav Spacek.
8:06 of 3rd period - Shot by Evgeni Malkin.
8:06 of 3rd period - Shot Blocked by Johnny Oduya.
8:15 of 3rd period - Minor Penalty to Martin Hanzal for Holding.
8:16 of 3rd period - Jordin Tootoo wins face-off versus Eric Staal in Hurricanes zone.
8:17 of 3rd period - Shot by Patrik Elias.
8:17 of 3rd period - Shot Misses the Net.
8:21 of 3rd period - Shot by Patrik Elias.
8:21 of 3rd period - Shot Misses the Net.
8:25 of 3rd period - Shot by Brian Gionta.
8:25 of 3rd period - Goal by Brian Gionta - MapleLeafs : 7 - Hurricanes : 3.
8:26 of 3rd period - Mike Fisher wins face-off versus Patrice Cormier in neutral zone.
9:42 of 3rd period - Minor Penalty to Adam Hall for Hooking.
9:43 of 3rd period - Eric Staal wins face-off versus Patrick Marleau in MapleLeafs zone.
10:04 of 3rd period - Shot by Eric Staal.
10:04 of 3rd period - Shot Misses the Net.
10:06 of 3rd period - Shot by Eric Staal.
10:06 of 3rd period - Goal by Eric Staal - MapleLeafs : 7 - Hurricanes : 4.
10:07 of 3rd period - Patrik Elias wins face-off versus Mike Fisher in neutral zone.
10:18 of 3rd period - Shot by Patrik Elias.
10:18 of 3rd period - Shot Misses the Net.
10:20 of 3rd period - Shot by Brian Gionta.
10:20 of 3rd period - Stopped by Brian Elliott with a rebound.
10:22 of 3rd period - Shot by Patrik Elias.
10:22 of 3rd period - Shot Misses the Net.
10:24 of 3rd period - Shot by Brian Gionta.
10:24 of 3rd period - Deflect By Kris Versteeg.
10:24 of 3rd period - Stopped by Brian Elliott with a rebound.
10:26 of 3rd period - Shot by Patrik Elias.
10:26 of 3rd period - Shot Misses the Net.
10:28 of 3rd period - Shot by Kris Versteeg.
10:28 of 3rd period - Shot Misses the Net.
10:30 of 3rd period - Shot by Kyle Cumiskey.
10:30 of 3rd period - Stopped by Brian Elliott without a rebound.
10:31 of 3rd period - Vincent Lecavalier wins face-off versus Martin Hanzal in Hurricanes zone.
10:52 of 3rd period - Shot by Ryan Shannon.
10:52 of 3rd period - Deflect By Brad Boyes.
10:52 of 3rd period - Stopped by Ryan Miller without a rebound.
10:53 of 3rd period - Eric Staal wins face-off versus Patrik Elias in MapleLeafs zone.
11:19 of 3rd period - Minor Penalty to Mike Weber for Holding.
11:20 of 3rd period - Vincent Lecavalier wins face-off versus Eric Staal in Hurricanes zone.
11:33 of 3rd period - Shot by Evgeni Malkin.
11:33 of 3rd period - Deflect By Vincent Lecavalier.
11:33 of 3rd period - Shot Misses the Net.
11:35 of 3rd period - Shot by Vincent Lecavalier.
11:35 of 3rd period - Shot Blocked by Johnny Oduya.
11:46 of 3rd period - Off-side.
11:47 of 3rd period - Martin Hanzal wins face-off versus Jordin Tootoo in neutral zone.
12:19 of 3rd period - Shot by Kris Versteeg.
12:19 of 3rd period - Shot Misses the Net.
14:19 of 3rd period - Shot by Mike Fisher.
14:19 of 3rd period - Shot Misses the Net.
14:58 of 3rd period - Minor Penalty to Mike Grier for Hooking.
14:59 of 3rd period - Vincent Lecavalier wins face-off versus Brad Boyes in MapleLeafs zone.
15:26 of 3rd period - Shot by Thomas Vanek.
15:26 of 3rd period - Stopped by Ryan Miller without a rebound.
15:27 of 3rd period - Evgeni Malkin wins face-off versus Eric Staal in MapleLeafs zone.
15:27 of 3rd period - Minor Penalty to Jarome Iginla for Hooking.
15:28 of 3rd period - Eric Staal wins face-off versus Vincent Lecavalier in Hurricanes zone.
15:30 of 3rd period - Icing by Sergei Gonchar.
15:31 of 3rd period - Eric Staal wins face-off versus Vincent Lecavalier in Hurricanes zone.
15:36 of 3rd period - Eric Staal is hit by Brian Gionta and loses puck.
15:55 of 3rd period - Shot by Eric Staal.
15:55 of 3rd period - Stopped by Ryan Miller with a rebound.
16:19 of 3rd period - Icing by Kyle Cumiskey.
16:20 of 3rd period - Brad Boyes wins face-off versus Vincent Lecavalier in MapleLeafs zone.
16:23 of 3rd period - Shot by Thomas Vanek.
16:23 of 3rd period - Shot Misses the Net.
16:27 of 3rd period - Shot by Thomas Vanek.
16:27 of 3rd period - Shot Misses the Net.
16:29 of 3rd period - Shot by Ryan Wilson.
16:29 of 3rd period - Shot Misses the Net.
16:31 of 3rd period - Shot by Thomas Vanek.
16:31 of 3rd period - Goal by Thomas Vanek - MapleLeafs : 7 - Hurricanes : 5.
16:32 of 3rd period - Patrick Marleau wins face-off versus Eric Staal in neutral zone.
17:21 of 3rd period - Shot by Brian Gionta.
17:21 of 3rd period - Shot Misses the Net.
17:25 of 3rd period - Shot by Radek Martinek.
17:25 of 3rd period - Shot Misses the Net.
17:33 of 3rd period - Shot by Kris Versteeg.
17:33 of 3rd period - Stopped by Brian Elliott with a rebound.
17:35 of 3rd period - Shot by Matt Greene.
17:35 of 3rd period - Shot Misses the Net.
17:37 of 3rd period - Shot by Kris Versteeg.
17:37 of 3rd period - Stopped by Brian Elliott without a rebound.
17:38 of 3rd period - Martin Hanzal wins face-off versus Vincent Lecavalier in Hurricanes zone.
18:01 of 3rd period - Shot by Brad Boyes.
18:01 of 3rd period - Stopped by Ryan Miller without a rebound.
18:02 of 3rd period - Patrik Elias wins face-off versus Eric Staal in MapleLeafs zone.
18:07 of 3rd period - Shot by Kyle Cumiskey.
18:07 of 3rd period - Stopped by Brian Elliott without a rebound.
18:08 of 3rd period - Eric Staal wins face-off versus Patrik Elias in Hurricanes zone.
18:57 of 3rd period - Icing by Brian Gionta.
18:58 of 3rd period - Martin Hanzal wins face-off versus Patrik Elias in MapleLeafs zone.
19:15 of 3rd period - Ryan Shannon is hit by Matt Greene and loses puck.
19:22 of 3rd period - Shot by Brad Boyes.
19:22 of 3rd period - Stopped by Ryan Miller with a rebound.
19:24 of 3rd period - Shot by Johnny Oduya.
19:24 of 3rd period - Stopped by Ryan Miller with a rebound.
19:26 of 3rd period - Shot by Martin Hanzal.
19:26 of 3rd period - Stopped by Ryan Miller without a rebound.
19:27 of 3rd period - Patrick Marleau wins face-off versus Eric Staal in MapleLeafs zone.
19:27 of 3rd period - Patrick Marleau is hit by Eric Staal.
19:52 of 3rd period - Evgeni Malkin is hit by Anton Stralman and loses puck.
19:56 of 3rd period - Icing by Anton Stralman.
19:57 of 3rd period - Vernon Fiddler wins face-off versus Eric Staal in Hurricanes zone.
19:57 of 3rd period - Patrick Marleau is hit by Anton Stralman and loses puck.


Output by the SimonT Hockey Simulator (STHS) for Stephane Roy -- Original Page W3C XHTML 1.0 Valid